 Dungeon Crawl Stone Soup version bcrawl-1.19.2-6-g6a88ae04c9 (webtiles) character file.

Game seed: 2467586651964751716

100 Mrkan the Covered (level 4, -5/40 HPs)
             Began as a Minotaur Fighter on Dec 29, 2019.
             Killed by divine providence
             ... invoked by an orc priest
              (13 damage)
             ... on level 3 of the Dungeon.
             The game lasted 00:02:11 (1545 turns).

Mrkan the Covered (Minotaur Fighter)                Turns: 1545, Time: 00:02:11

Health: -5/40      AC: 10    Str: 20    XL:     4   Next: 46%
Magic:  3/3        EV:  7    Int:  5    God:
Gold:   186        SH:  9    Dex: 11    Spells: 3/3 levels left

rFire    . . .     SeeInvis .   a - +0 war axe
rCold    . . .     Gourm    .   c - +0 shield
rNeg     . . .     Faith    .   b - +0 scale mail
rPois    .         Spirit   .   (helmet restricted)
rElec    .         Reflect  .   (no cloak)
rCorr    .         Harm     .   l - +1 pair of gloves
MR       .....                  m - +0 pair of boots
Stlth    ..........             (no amulet)
HPRegen  0.13/turn              (no ring)
MPRegen  0.08/turn              (no ring)

@: lightly drained
A: retaliatory headbutt, horns 2
a: no special abilities


You were on level 3 of the Dungeon.
You were very hungry.

You visited 1 branch of the dungeon, and saw 3 of its levels.

You collected 186 gold pieces.

Inventory:

Hand Weapons
 a - a +0 war axe (weapon)
Armour
 b - a +0 scale mail (worn)
 c - a +0 shield (worn)
 l - a +1 pair of gloves (worn)
 m - a +0 pair of boots (worn)
Jewellery
 k - a cursed -3 ring of evasion {unknown}
Scrolls
 e - 3 scrolls of identify {unknown}
 g - a scroll of immolation {unknown}
 i - a scroll of enchant armour {unknown}
 p - a scroll of teleportation {unknown}
 s - a scroll of noise {unknown}
Potions
 d - a potion of might
 h - a potion of curing {unknown}
 j - 2 potions of heal wounds {unknown}
 n - a potion of lignification {unknown}
 o - a potion of mutation {unknown}
 q - a potion of brilliance {unknown}
 r - 2 potions of ambrosia {unknown}
Comestibles
 f - 7 rations {!d}


   Skills:
 + Level 4.3(4.1) Fighting
 * Level 4.0(3.9) Axes
 + Level 4.3(4.2) Armour
 + Level 4.3(4.2) Shields


You had 3 spell levels left.
You didn't know any spells.
Your spell library was empty.

Dungeon Overview and Level Annotations

Branches:
Dungeon (3/12)

Altars:
Ru


Innate Abilities, Weirdness & Mutations

You reflexively headbutt those who attack you in melee.
You have a pair of horns on your head.


Message History

You kill the kobold!
Your shield and scale mail prevent you from hitting the orc.
Your headbutt misses the orc. You closely miss the orc wizard.
You block the orc's attack.
The orc wizard points at you and mumbles some strange words.
The magic dart hits you!
* * * LOW HITPOINT WARNING * * *
The orc wizard casts a spell.
The orc wizard flickers and vanishes!
Deactivating autopickup; reactivate with Ctrl-A.
The orc hits you but does no damage. You block the orc wizard's attack.
You hit the orc wizard. You headbutt the orc wizard.
The orc wizard is severely wounded.
You hit the orc but do no damage.
The orc wizard points at you and mumbles some strange words.
The magic dart hits you! The orc hits you but does no damage.
The orc wizard barely misses you.
The orc priest calls down the wrath of Beogh upon you.
Beogh smites you!
You die...

#.#.. #.#.# % #
#.#.# ..
#.#.#.###s#
#.#.#Sso.o ....{o.
#.## #########.#o#
#... .......#..@#
#..# ###....$..[o#
#..# ....$#...#.$#
#..# #.........#
#..# #.##!..#..#
#..# #.#./.....#
#<.#.###.#.......#
#..#(............#
#..#.###.#.......#


You could see a scorpion, an orc priest, an orc wizard, 2 orcs and a ball
python.

Vanquished Creatures
  An orc priest (D:3)
  Robin (D:2)
  A worm (D:2)
  A dart slug (D:1)
  A leopard gecko (D:1)
  4 orcs
  4 bats (D:1)
  2 giant cockroaches
  11 goblins
  7 hobgoblins
  2 jackals (D:2)
  A quokka (D:2)
  A frilled lizard (D:2)
  4 kobolds
  7 rats (D:1)
48 creatures vanquished.

Notes
Turn   | Place    | Note
-------+----------+-------------------------------------------
     0 | D:1      | Mrkan the Minotaur Fighter began the quest for the Orb.
     0 | D:1      | Reached XP level 1. HP: 19/19 MP: 0/0
    37 | D:1      | Reached XP level 2. HP: 27/27 MP: 1/1
   459 | D:2      | Noticed Robin
   464 | D:2      | Reached XP level 3. HP: 29/33 MP: 2/2
   487 | D:2      | Killed Robin
   861 | D:2      | Found a sacrificial altar of Ru.
  1519 | D:3      | Reached XP level 4. HP: 40/40 MP: 3/3
  1545 | D:3      | Killed from afar by an orc priest

Skill      XL: |  1  2  3  4 |
---------------+-------------+-----
Axes           | 3 4 |  4.0
Fighting       | 4 |  4.3
Armour         | 4 |  4.3
Shields        | 4 |  4.3

Action                   |  1- 3 |  4- 6 || total
-------------------------+-------+-------++-------
Melee: War axe           |    84 |     9 ||    93
       Headbutt          |    15 |     4 ||    19
  Eat: Chunk             |     1 |       ||     1
Armor: Scale mail        |    43 |     6 ||    49
Dodge: Dodged            |    31 |     2 ||    33
Block: Shield            |    55 |     5 ||    60
